 Dungeon Crawl Stone Soup version 0.31-a0-200-gbc41564c69 (webtiles) character file.

Game seed: 16932436682314878591

147 qw the Skirmisher (level 5, -6/29 HPs)
             Began as a Deep Elf Hunter on June 25, 2023.
             Mangled by Grinder (9 damage)
             ... on level 3 of the Dungeon.
             The game lasted 00:00:48 (1819 turns).

qw the Skirmisher (Deep Elf Hunter)                 Turns: 1819, Time: 00:00:49

Health: -6/29      AC:  7    Str: 10    XL:     5   Next: 7%
Magic:  7/7        EV:  9    Int: 14    God:
Gold:   142        SH:  0    Dex: 18    Spells: 4/4 levels left

rFire   . . .        Y - +1 shortbow
rCold   . . .        (shield currently unavailable)
rNeg    . . .        d - +0 scale mail
rPois   .            (no helmet)
rElec   .            (no cloak)
rCorr   .            e - +0 pair of gloves
SInv    .            (no boots)
Will    .....        (no amulet)
Stlth   +            (no ring)
HPRegen 0.24/turn    (no ring)
MPRegen 0.10/turn

%: no passive effects
@: no status effects
A: no striking features
a: no special abilities


You were on level 3 of the Dungeon.
You visited 1 branch of the dungeon, and saw 3 of its levels.

You collected 142 gold pieces.


   Skills:
 - Level 1.5 Fighting
 + Level 8.5 Ranged Weapons
 - Level 2.4 Dodging
 - Level 1.2 Stealth


You had 4 spell levels left.
You didn't know any spells.
Your spell library was empty.

Inventory:

Hand Weapons
 Y - a +1 shortbow (weapon)
Armour
 d - a +0 scale mail (worn)
 e - a +0 pair of gloves (worn)
 i - a +0 ring mail
Scrolls
 b - a scroll of revelation {unknown}
 c - a scroll of enchant armour {unknown}
Potions
 f - a potion of curing
 g - a potion of haste {unknown}
 h - a potion of heal wounds {unknown}

Dungeon Overview and Level Annotations

Branches:
Dungeon (3/15)

Altars:
Uskayaw

Annotations:
D:2 1 runed translucent door, Crazy Yiuf
D:3 Grinder, Sigmund


Message History

Sigmund the Dreaded comes into view.
He is wielding a +0 scythe.
1810 ||| Stepping ~*~*~tactically~*~*~ (outnumbered).
You start resting.
Your surroundings suddenly seem different.
Grinder, an adder and a ball python come into view.
Found a chain mail and a book of the Spheres.
Found a stone staircase leading up.
Grinder shouts!
The adder hisses angrily.
The ball python hisses angrily.
Enter note:
Enter note: You shoot an arrow.
The arrow hits the ball python.
The ball python is heavily wounded.
The ball python bites you but does no damage.
The ball python grabs you. The ball python constricts you.
You shoot an arrow. The arrow hits the ball python.
You kill the ball python!
Grinder gestures at you.
You struggle to resist.
You shoot an arrow. The arrow barely misses Grinder.
Grinder gestures at you.
You struggle to resist.
You shoot an arrow. The arrow hits the adder.
The adder is lightly wounded.
The adder bites you but does no damage. Grinder gestures at you.
You suddenly lose the ability to move!
The adder bites you.
A centaur comes into view.
The adder bites you but does no damage.
You can move again.
You shoot an arrow.
The arrow hits the adder but does no damage.
The adder is lightly wounded.
The adder bites you but does no damage. Grinder barely misses you.
The centaur wields a +0 orcbow.
The centaur shoots an arrow.
The arrow closely misses you. The adder closely misses you. Grinder hits you.
You writhe in agony.
You shoot an arrow. The arrow hits the adder.
The adder is moderately wounded.
The adder closely misses you. Grinder hits you!
You die...

###########
..........
#.....[...
#.........
#.........
#.@5......
#..S.......
.............
...........c...
##.#....:.......#
# .............#
.. #.....^........
#.#
#..##.##<##.#.##..
.. # #.#.#..


You could see Grinder, a centaur and an adder.

Vanquished Creatures
  Jessica (D:2)
  3 gnolls (D:2)
  3 adders (D:2)
  A worm (D:2)
  A dart slug (D:1)
  5 endoplasms
  8 giant cockroaches
  4 goblins
  5 hobgoblins
  3 jackals (D:2)
  A quokka (D:1)
  6 ball pythons
  4 bats
  5 frilled lizards
  7 kobolds
  3 rats
60 creatures vanquished.

Notes
Turn   | Place    | Note
-------+----------+-------------------------------------------
     0 | D:1      | qw the Deep Elf Hunter began the quest for the Orb.
     0 | D:1      | Reached XP level 1. HP: 12/12 MP: 3/3
     0 | D:1      | 0 ||| qw: Version: 0.3-a-22-g0ed2b0b
     0 | D:1      | 0 ||| qw: Game counter: 5688
     0 | D:1      | 0 ||| qw: Melee chars always use a shield: true
     0 | D:1      | 0 ||| qw: God list: Okawaru
     0 | D:1      | 0 ||| qw: Allow faded altars: false
     0 | D:1      | 0 ||| qw: Do Orc after clearing Dungeon:15 true
     0 | D:1      | 0 ||| qw: Do second Lair branch before Depths: true
     0 | D:1      | 0 ||| qw: Lair rune preference: random
     0 | D:1      | 0 ||| qw: Goals: Normal
     0 | D:1      | 0 ||| PLANNING D:1-11
   160 | D:1      | Reached skill level 6 in Ranged Weapons
   160 | D:1      | Reached XP level 2. HP: 16/16 MP: 4/4
   529 | D:1      | Reached XP level 3. HP: 20/20 MP: 5/5
   567 | D:1      | 567 ||| UPGRADING to +0 scale mail.
   577 | D:1      | 577 ||| DROPPING +0 leather armour.
   578 | D:1      | 578 ||| READING scroll labelled XYVIQOQE PIECKI.
   679 | D:1      | 679 ||| READING scroll labelled YGYTEF EDUMA.
   680 | D:1      | 680 ||| READING 2 scrolls labelled JAOHASIECIR.
   681 | D:1      | 681 ||| DRINKING 2 fizzy pink potions.
   682 | D:1      | 682 ||| DROPPING scroll of butterflies.
   683 | D:1      | 683 ||| DROPPING scroll of noise.
   718 | D:2      | Found a hide-covered altar of Uskayaw.
   924 | D:2      | Reached skill level 7 in Ranged Weapons
  1031 | D:2      | Reached XP level 4. HP: 25/25 MP: 6/6
  1046 | D:2      | Noticed Jessica
  1050 | D:2      | Killed Jessica
  1081 | D:2      | Reached skill level 8 in Ranged Weapons
  1090 | D:2      | 1090 ||| Stepping ~*~*~tactically~*~*~ (outnumbered).
  1236 | D:2      | Found a runed translucent door.
  1237 | D:2      | Noticed Crazy Yiuf
  1484 | D:2      | Reached XP level 5. HP: 27/29 MP: 7/7
  1659 | D:2      | 1659 ||| UPGRADING to +0 pair of gloves.
  1664 | D:2      | 1664 ||| READING 2 scrolls labelled QUDYWA OFUSS.
  1691 | D:2      | 1691 ||| READING 2 scrolls labelled ITUNUA QATS.
  1692 | D:2      | 1692 ||| READING scroll labelled ISIYZX FIKUGEZ.
  1693 | D:2      | 1693 ||| READING scroll labelled WATUSTREMEX.
  1694 | D:2      | 1694 ||| DROPPING scroll of fog.
  1808 | D:3      | HP: 3/29 [orc priest/divine providence (13)]
  1809 | D:3      | 1809 ||| READING scroll of teleportation.
  1809 | D:3      | Noticed Sigmund
  1810 | D:3      | 1810 ||| Stepping ~*~*~tactically~*~*~ (outnumbered).
  1812 | D:3      | Noticed Grinder
  1816 | D:3      | Paralysed by Grinder for 2 turns
  1816 | D:3      | HP: 5/29 [adder (1)]
  1816 | D:3      | Noticed a centaur
  1819 | D:3      | Mangled by Grinder

Levels and vault maps discovered:
D:1:      dpeg_arrival_tiny_b, layout_basic, kennysheep_minor_cross,
          minmay_box_of_dots
D:2:      layout_basic, basic_altar, kennysheep_generic_room_9, uniq_jessica,
          uniq_crazy_yiuf_cottage
D:3:      layout_rooms, gammafunk_ghost_grave, uniq_sigmund, uniq_grinder

Skill      XL: |  1  2  3  4 |
---------------+-------------+-----
Ranged Weapons | 6 7 8 |  8.5
Fighting       | |  1.5
Dodging        | |  2.4
Stealth        | |  1.2

Action                     |  1- 3 |  4- 6 || total
---------------------------+-------+-------++-------
   Fire: Shortbow          |   116 |    63 ||   179
    Use: Scroll            |     3 |     5 ||     8
         Potion            |     1 |       ||     1
 Armour: Leather armour    |     4 |       ||     4
         Scale mail        |    18 |    11 ||    29
  Dodge: Dodged            |    19 |     7 ||    26

Table legend:
 A = Non-vault XP
 B = Vault XP
 C = Vault XP percentage of total XP
 D = Non-vault monster count
 E = Vault monster count
 F = Vault count percentage of total count
                 A         B        C        D         E       F
            +---------+---------+-------+---------+---------+-------
      Total |     171 |      39 |  18.6 |      57 |       3 |   5.0
            +---------+---------+-------+---------+---------+-------
        D:1 |      40 |       2 |   4.8 |      23 |       2 |   8.0
        D:2 |     121 |      37 |  23.4 |      28 |       1 |   3.4
        D:3 |      10 |       0 |   0.0 |       6 |       0 |   0.0
            +---------+---------+-------+---------+---------+-------
